 Dungeon Crawl Stone Soup version 0.28.0-53-g5a82cb258f (webtiles) character file.

Game seed: 3008601195792312792

25 Descartes the Sneak (level 2, -8/13 HPs)
             Began as a Spriggan Venom Mage on May 31, 2022.
             Killed by divine providence
             ... invoked by an orc priest
              (10 damage)
             ... on level 2 of the Dungeon.
             The game lasted 00:03:34 (1573 turns).

Descartes the Sneak (Spriggan Venom Mage)           Turns: 1573, Time: 00:03:34

Health: -8/13      AC:  2    Str:  4    XL:     2   Next: 82%
Magic:  7/7        EV: 17    Int: 16    God:
Gold:   24         SH:  0    Dex: 15    Spells: 6/7 levels left

rFire   . . .      SeeInvis +   c - +0 rapier
rCold   . . .      Faith    .   (no shield)
rNeg    . . .      Spirit   .   a - +0 robe
rPois   .          Reflect  .   (helmet restricted)
rElec   .          Harm     .   (no cloak)
rCorr   .          Rampage  .   (gloves unavailable)
Will    .....                   (boots unavailable)
Stlth   ++........              (no amulet)
HPRegen 0.04/turn               (no ring)
MPRegen 0.10/turn               (no ring)

@: very quick
A: very small, no large weapons, unfitting armour, see invisible, speed 3
a: no special abilities


You were on level 2 of the Dungeon.
You visited 1 branch of the dungeon, and saw 2 of its levels.

You collected 24 gold pieces.

Inventory:

Hand Weapons
 c - a +0 rapier (weapon)
Missiles
 b - 18 sling bullets
 e - 16 stones
Armour
 a - a +0 robe (worn)
Scrolls
 f - a scroll of identify {unknown}
Potions
 d - a potion of curing {unknown}


   Skills:
 + Level 0.7 Short Blades
 + Level 3.0 Dodging
 + Level 3.3 Stealth
 + Level 3.1 Spellcasting
 + Level 1.8 Transmutations
 + Level 0.7 Air Magic
 + Level 3.1 Poison Magic


You had 6 spell levels left.
You knew the following spells:

 Your Spells              Type           Power      Damage    Failure   Level
a - Sting                 Tmut/Pois      40%        1d5       7%          1

Your spell library contained the following spells:

 Spells                   Type           Power      Damage    Failure   Level
 Poisonous Vapours        Pois/Air       16%        N/A       13%         2
 Mephitic Cloud           Conj/Pois/Air  6%         N/A       32%         3
 Olgreb's Toxic Radiance  Pois           12%        N/A       45%         4


Dungeon Overview and Level Annotations

Branches:
Dungeon (2/15)

Altars:


Innate Abilities, Weirdness & Mutations

You are very small and have problems with some larger weapons.
You are too small for most types of armour.
You have supernaturally acute eyesight. (SInv)
You cover ground extremely quickly. (Speed+++)


Message History

Aiming: Sting (safe; 7% risk of failure)
Press: ? - help, Shift-Dir - straight line, f/p - hobgoblin
Aim: a hobgoblin (heavily wounded, very poisoned, 71% to hit)
The sting misses the hobgoblin.
The hobgoblin hits you.
Casting: Sting (safe; 7% risk of failure)
Confirm with . or Enter, or press ? or * to list all spells.
Aiming: Sting (safe; 7% risk of failure)
Press: ? - help, Shift-Dir - straight line, f/p - hobgoblin
Aim: a hobgoblin (heavily wounded, very poisoned, 71% to hit)
The sting hits the hobgoblin.
The hobgoblin looks even sicker.
You kill the hobgoblin!
Done exploring.
Done exploring.
Save game and exit? [Y]es or [N]o only, please.
Save game and exit? [Y]es or [N]o only, please.
Save game and exit?
Okay, then.
There is a stone staircase leading down here.
You climb downwards.
The orc shouts! x2; You hear a shout! x2
There is a stone staircase leading up here.
An orc priest comes into view. It is wielding a +0 club.
Casting: Sting (safe; 7% risk of failure)
Confirm with . or Enter, or press ? or * to list all spells.
You can't see any susceptible monsters within range! (Use Z to cast anyway.) Unknown command.
Casting: Sting (safe; 7% risk of failure)
Confirm with . or Enter, or press ? or * to list all spells.
You can't see any susceptible monsters within range! (Use Z to cast anyway.)
An orc comes into view. It is wielding a +0 falchion.
The orc wizard casts a spell at you. The puff of flame hits you!
Ouch! That really hurt!
* * * LOW HITPOINT WARNING * * *
The orc priest calls down the wrath of Beogh upon you.
Beogh smites you!
Ouch! That really hurt!
You die...

.. .. .#
.. #####.
. .....
#...#..###
....o..@.#
.o..oo...#
o........#
#...#..#.#
... ... .#
## ###. .#
.. .. .#
.#


You could see an orc priest, an orc wizard and 3 orcs.

Vanquished Creatures
  2 dart slugs (D:1)
  An endoplasm (D:1)
  A giant cockroach (D:1)
  A goblin (D:1)
  5 hobgoblins (D:1)
  3 jackals (D:1)
  2 bats (D:1)
  A frilled lizard (D:1)
  3 kobolds (D:1)
19 creatures vanquished.

Notes
Turn   | Place    | Note
-------+----------+-------------------------------------------
     0 | D:1      | Descartes the Spriggan Venom Mage began the quest for the
                  | Orb.
     0 | D:1      | Reached XP level 1. HP: 9/9 MP: 5/5
   517 | D:1      | Reached XP level 2. HP: 13/13 MP: 3/6
  1499 | D:1      | Found a faded altar of an unknown god.
  1573 | D:2      | Killed from afar by an orc priest

Illustrated notes

Levels and vault maps discovered:
D:1:      psy_arrival_radial01, layout_loops_corners,
          hellmonk_ecumenical_altar_prayer_group
D:2:      cheibrodos_pilgrimage, layout_loops_ring, basic_altar, serial_shops,
          shop, nicolae_shop_behind_doors, uniq_jessica

Skill      XL: |  1  2 |
---------------+-------+-----
Spellcasting   | 3 |  3.1
Dodging        | 3 |  3.0
Short Blades   | |  0.7
Stealth        | |  3.3
Transmutations | |  1.8
Air Magic      | |  0.7
Poison Magic   | |  3.1

Action                   || total
-------------------------++-------
Melee: Unarmed           ||     6
       Rapier            ||     4
 Cast: Sting             ||    40
Armor: Robe              ||     5
Dodge: Dodged            ||    29
